 Dungeon Crawl Stone Soup version 0.18-a0-1642-g3ae59fa (webtiles) character file.

66 Manintree the Sneak (level 3, 0/16 HPs)
             Began as a Spriggan Enchanter on Mar 27, 2016.
             Slain by a worm (7 damage)
             ... on level 3 of the Dungeon.
             The game lasted 00:06:22 (2431 turns).

Manintree the Sneak (Spriggan Enchanter)            Turns: 2431, Time: 00:06:23

Health: 0/16       AC:  3    Str:  4    XL:     3   Next: 96%
Magic:  1/9        EV: 18    Int: 17    God:
Gold:   39         SH:  0    Dex: 16    Spells: 2 memorised, 7 levels left

rFire  . . .     SeeInvis +     a - +1 dagger
rCold  . . .     Gourm    .     b - +1 robe
rNeg   . . .     Faith    .     (shield restricted)
rPois  .         Spirit   .     (helmet restricted)
rElec  .         Dismiss  .     (no cloak)
rCorr  .         Reflect  .     (gloves unavailable)
SustAt .         Harm     .     (boots unavailable)
MR     .....                    (no amulet)
Stlth  +++.......               (no ring)
                                (no ring)

@: very slightly contaminated, very quick, not resistant to hostile
enchantments, fairly stealthy
A: unfitting armour, see invisible, herbivore 3, speed 3, slow metabolism 2
a: no special abilities


You were on level 3 of the Dungeon.
You were hungry.

You visited 1 branch of the dungeon, and saw 3 of its levels.

You collected 39 gold pieces.

Inventory:

Hand Weapons
 a - a +1 dagger (weapon)
Armour
 b - a +1 robe (worn)
Scrolls
 e - 3 scrolls of identify {unknown}
 h - 2 scrolls of teleportation {unknown}
 i - a scroll of remove curse {unknown}
 k - a scroll of recharging {unknown}
Potions
 g - a potion of degeneration {unknown}
 j - a potion of curing {unknown}
 l - 2 potions of flight {unknown}
Books
 c - a book of Maledictions

   Spells                             Type                      Level
   a - Corona                         Hexes                        1
   b - Ensorcelled Hibernation        Hexes/Ice                    2
   c - Confuse                        Hexes                        3
   d - Tukima's Dance                 Hexes                        3
   e - Dazzling Spray                 Conjuration/Hexes            3
Comestibles
 d - 2 bread rations
 f - a royal jelly


   Skills:
 - Level 1.1 Short Blades
 - Level 3.0 Dodging
 + Level 5.3 Stealth
 - Level 4.0 Spellcasting
 - Level 4.0 Hexes
 * Level 1.0 Ice Magic


You had 7 spell levels left.
You knew the following spells:

 Your Spells              Type           Power        Failure   Level  Hunger
a - Corona                Hex            ###....      2%          1    None
b - Ensorcelled Hibernat  Hex/Ice        ##....       10%         2    ##.....


Dungeon Overview and Level Annotations

Branches:
Dungeon (3/15)

Altars:
Sif Muna


Innate Abilities, Weirdness & Mutations

You are tiny and cannot use many weapons and most armour.
You have supernaturally acute eyesight.
You are a herbivore.
You cover ground extremely quickly.
You need consume almost no food.


Message History

The worm resists with some effort.
The giant gecko zombie closely misses you.
Casting: Ensorcelled Hibernation
Confirm with . or Enter, or press ? or * to list all spells.
Aiming: Ensorcelled Hibernation
Press: ? - help, Shift-Dir - straight line, f/p - worm
Aim: a worm (chance to defeat MR: 51%)
The worm resists with some effort.
The worm completely misses you.
The giant gecko zombie closely misses you.
The giant gecko misses you.
You hit the giant gecko but do no damage.
The giant gecko bites you.
You barely miss the giant gecko. The giant gecko bites you.
You closely miss the giant gecko.
The giant gecko zombie barely misses you.
The giant gecko misses you. The giant gecko misses you.
The giant gecko bites you. The worm bites you!
You die...

#.# #.### #...#
#...# #...+ +<..#
#.†.#
###...#######.#
+...w@(..(....#
...#...l.........#
#888....Z.........#
#...............###
..8.............#
................#
.####...........#
#...........#
.............#


You could see a worm, a giant gecko zombie and a giant gecko.

Vanquished Creatures
  An adder (D:2)
  2 worms (D:2)
  2 dart slugs
  2 giant geckos (D:1)
  An orc (D:2)
  3 bats
  2 giant cockroaches (D:2)
  4 goblins
  7 hobgoblins
  3 jackals (D:1)
  2 quokkas (D:2)
  A ball python (D:1)
  2 giant newts
  4 kobolds
  7 rats
43 creatures vanquished.

Notes
Turn   | Place    | Note
--------------------------------------------------------------
     0 | D:1      | Manintree the Spriggan Enchanter began the quest for the Orb.
     0 | D:1      | Reached XP level 1. HP: 9/9 MP: 5/5
   452 | D:1      | Reached XP level 2. HP: 4/13 MP: 5/7
   485 | D:1      | Learned a level 2 spell: Ensorcelled Hibernation
  1438 | D:1      | Reached XP level 3. HP: 16/16 MP: 9/9
  1442 | D:1      | Reached skill level 5 in Stealth
  2051 | D:2      | Found a deep blue altar of Sif Muna.
  2406 | D:2      | Reached skill level 1 in Ice Magic
  2431 | D:3      | Slain by a worm

Vault maps used:
D:1:      eino_arrival_tree_alley, minmay_misc_feat_ornament
D:2:      overflow_temple_1_default
D:3:      serial_undead, serial_undead_c, serial_undead_c, serial_undead_b,
          serial_undead_b, serial_undead_e, uniq_terence

Skill      XL: |  1  2  3 |
---------------+----------+-----
Spellcasting   | 3 4 |  4.0
Hexes          | 4 |  4.0
Stealth        | 5 |  5.3
Ice Magic      | 1 |  1.0
Short Blades   | |  1.1
Dodging        | |  3.0

Action                   || total
-------------------------++-------
Melee: Dagger            ||   123
 Cast: Corona            ||     6
       Ensorcelled Hiber ||    35
 Stab: Sleeping          ||    31
